3A
NIAGARA FALLS EXPOS @ YORK REVOLUTION
08/28/2020
 
TOP OF THE 1ST
Niagara Falls Expos batting - Pitching for York Revolution : RHP Jorge Cruz
Pitching: RHP Jorge Cruz
Batting: RHB Keith Fish 0-0: Ball
1-0: Called Strike
1-1: Called Strike
1-2: Foul Ball, location: 2F
1-2: Ball
2-2: Strikes out swinging
Batting: RHB Fred Meyer 0-0: Ball
1-0: Swinging Strike
1-1: Ball
2-1: Ball
3-1: Base on Balls
Batting: RHB Brent Ryan 0-0: Foul Ball, location: 2F
0-1: Fielders Choice at 2nd, 1-6 (Groundball, 15)
Batting: RHB Mariano Ramírez 0-0: Called Strike
0-1: Ball
Brent Ryan steals 2nd base
1-1: Swinging Strike
1-2: Ball
2-2: Strikes out swinging
Top of the 1st over - 0 run(s), 0 hit(s), 0 error(s), 1 left on base; Niagara Falls 0 - York 0
BOTTOM OF THE 1ST
York Revolution batting - Pitching for Niagara Falls Expos : RHP Armando Galló
Pitching: RHP Armando Galló
Batting: RHB Pedro Luna 0-0: Ball
1-0: Ball
2-0: Ball
3-0: Called Strike
3-1: Called Strike
3-2: Base on Balls
Batting: RHB Juan Castanedo 0-0: Called Strike
0-1: Foul Ball, location: 2F
0-2: Foul Ball, location: 2F
0-2: Ball
1-2: Strikes out swinging
Batting: RHB Sergio Ortíz 0-0: Ball
1-0: Fly out, F7 (Flyball, 78M)
Batting: RHB Alfonso Enríquez 0-0: Ball
1-0: Foul Ball, location: 2F
1-1: Swinging Strike
1-2: Strikes out swinging
Bottom of the 1st over - 0 run(s), 0 hit(s), 0 error(s), 1 left on base; Niagara Falls 0 - York 0
TOP OF THE 2ND
Niagara Falls Expos batting - Pitching for York Revolution : RHP Jorge Cruz
Batting: RHB Chuck Wolf 0-0: Ground out 6-3 (Groundball, 6)
Batting: SHB Janghyun Sam 0-0: Called Strike
0-1: Ball
1-1: Ball
2-1: Called Strike
2-2: Foul Ball, location: 2F
2-2: Foul Ball, location: 2F
2-2: Ball
3-2: Ground out 3-1 (Groundball, 3)
Batting: LHB Rob Wilson 0-0: Fly out, F7 (Flyball, 7LS)
Top of the 2nd over - 0 run(s), 0 hit(s), 0 error(s), 0 left on base; Niagara Falls 0 - York 0
BOTTOM OF THE 2ND
York Revolution batting - Pitching for Niagara Falls Expos : RHP Armando Galló
Batting: RHB Jim Unknown 0-0: Ball
1-0: Ball
2-0: Hit by Pitch
Batting: RHB Dale O'Sullivan 0-0: Foul Ball, location: 2F
0-1: Ball
1-1: Ball
2-1: Foul Ball, location: 2F
2-2: Foul Ball, location: 2F
2-2: Foul Ball, location: 2F
2-2: Grounds into double play, 6-4-3 (Groundball, 6)
Batting: RHB Gerry Bourke 0-0: SINGLE (Flyball, 4MD)
Batting: LHB Mike Cook 0-0: Ball
1-0: Foul Ball, location: 2F
1-1: Ball
2-1: Ball
3-1: Called Strike
3-2: Base on Balls
Gerry Bourke to second
Batting: RHB José Paz 0-0: Fly out, F6 (Popup, 6MD)
Bottom of the 2nd over - 0 run(s), 1 hit(s), 0 error(s), 2 left on base; Niagara Falls 0 - York 0
TOP OF THE 3RD
Niagara Falls Expos batting - Pitching for York Revolution : RHP Jorge Cruz
Batting: RHB Jack Sloan 0-0: Called Strike
0-1: Fly out, F9 (Flyball, 9M)
Batting: RHB David Ortega 0-0: Ball
1-0: Ball
2-0: Called Strike
2-1: Foul Ball, location: 2F
2-2: SINGLE (Line Drive, 34)
Batting: RHB Keith Fish 0-0: Called Strike
David Ortega is caught stealing 2nd base
0-1: Called Strike
0-2: Ball
1-2: Strikes out looking
Top of the 3rd over - 0 run(s), 1 hit(s), 0 error(s), 0 left on base; Niagara Falls 0 - York 0
BOTTOM OF THE 3RD
York Revolution batting - Pitching for Niagara Falls Expos : RHP Armando Galló
Batting: RHB Pedro Luna 0-0: DOUBLE (Line Drive, 7LM)
Batting: RHB Juan Castanedo 0-0: Ball
1-0: SINGLE (Line Drive, 9LS)
Pedro Luna to third
Batting: RHB Sergio Ortíz 0-0: Called Strike
0-1: SINGLE (Line Drive, 4D)
Pedro Luna scores
Juan Castanedo to second
Runner from 2nd tries for 3rd, SAFE, throw made to third
Batting: RHB Alfonso Enríquez 0-0: Called Strike
0-1: Ball
1-1: Grounds into double play, 5-4-3 (Groundball, 56)
Juan Castanedo scores
Batting: RHB Jim Unknown 0-0: Ball
1-0: Ball
2-0: Fly out, F9 (Line Drive, 89M)
Bottom of the 3rd over - 2 run(s), 3 hit(s), 0 error(s), 0 left on base; Niagara Falls 0 - York 2
TOP OF THE 4TH
Niagara Falls Expos batting - Pitching for York Revolution : RHP Jorge Cruz
Batting: RHB Fred Meyer 0-0: Ball
1-0: Ball
2-0: SINGLE (Groundball, 34D)
Batting: RHB Brent Ryan 0-0: Ball
1-0: Ball
2-0: Called Strike
2-1: Foul Ball, location: 2F
2-2: Ball
3-2: SINGLE (Line Drive, 4)
Fred Meyer to second
Batting: RHB Mariano Ramírez 0-0: Grounds into double play, 4-6-3 (Groundball, 4)
Fred Meyer to third
Batting: RHB Chuck Wolf 0-0: Ball
1-0: Called Strike
1-1: Ball
2-1: Ball
3-1: Foul Ball, location: 2F
3-2: Foul Ball, location: 2F
3-2: Base on Balls
Batting: SHB Janghyun Sam 0-0: SINGLE (Flyball, 78S)
Fred Meyer scores
Chuck Wolf to second
Batting: LHB Rob Wilson 0-0: Foul Ball, location: 2F
0-1: Ball
1-1: Called Strike
1-2: Ball
2-2: Fly out, F7 (Popup, 7LS)
Top of the 4th over - 1 run(s), 3 hit(s), 0 error(s), 2 left on base; Niagara Falls 1 - York 2
BOTTOM OF THE 4TH
York Revolution batting - Pitching for Niagara Falls Expos : RHP Armando Galló
Batting: RHB Dale O'Sullivan 0-0: Ground out 5-3 (Groundball, 56)
Batting: RHB Gerry Bourke 0-0: Foul Ball, location: 2F
0-1: Ball
1-1: Called Strike
1-2: Fly out, F4 (Popup, 3)
Batting: LHB Mike Cook 0-0: Called Strike
0-1: Ball
1-1: Ball
2-1: Ball
3-1: SINGLE (Groundball, 5D)
Batting: RHB José Paz 0-0: Called Strike
0-1: Fly out, F7 (Line Drive, 7M)
Bottom of the 4th over - 0 run(s), 1 hit(s), 0 error(s), 1 left on base; Niagara Falls 1 - York 2
TOP OF THE 5TH
Niagara Falls Expos batting - Pitching for York Revolution : RHP Jorge Cruz
Batting: RHB Jack Sloan 0-0: Called Strike
0-1: Fly out, F8 (Flyball, 8LS)
Batting: RHB David Ortega 0-0: Called Strike
0-1: Called Strike
0-2: Ball
1-2: DOUBLE (Flyball, 7LD)
Batting: RHB Keith Fish 0-0: DOUBLE (Line Drive, 8LM)
David Ortega scores
Batting: RHB Fred Meyer 0-0: Called Strike
0-1: Swinging Strike
0-2: Ball
1-2: Ball
2-2: Foul Ball, location: 2F
2-2: Fly out, F4 (Line Drive, 4)
Batting: RHB Brent Ryan 0-0: Ball
Wild Pitch!
Keith Fish to third
1-0: 2-RUN HOME RUN (Flyball, 7D), Distance : 397 ft
Batting: RHB Mariano Ramírez 0-0: Called Strike
0-1: Swinging Strike
0-2: Ball
1-2: DOUBLE (Line Drive, 9LM)
Batting: RHB Chuck Wolf 0-0: Ball
1-0: DOUBLE (Line Drive, 7LM)
Mariano Ramírez scores
Batting: SHB Janghyun Sam 0-0: Called Strike
0-1: Called Strike
0-2: Strikes out swinging
Top of the 5th over - 4 run(s), 5 hit(s), 0 error(s), 1 left on base; Niagara Falls 5 - York 2
BOTTOM OF THE 5TH
York Revolution batting - Pitching for Niagara Falls Expos : RHP Armando Galló
Batting: RHB Pedro Luna 0-0: Fly out, F3 (Popup, 3F)
Batting: RHB Juan Castanedo 0-0: Fly out, F5 (Line Drive, 56)
Batting: RHB Sergio Ortíz 0-0: Ball
1-0: Ground out 6-3 (Groundball, 6M)
Bottom of the 5th over - 0 run(s), 0 hit(s), 0 error(s), 0 left on base; Niagara Falls 5 - York 2
TOP OF THE 6TH
Niagara Falls Expos batting - Pitching for York Revolution : RHP Jorge Cruz
Batting: LHB Rob Wilson 0-0: Ball
1-0: Called Strike
1-1: Ball
2-1: Called Strike
2-2: Strikes out swinging
Batting: RHB Jack Sloan 0-0: Called Strike
0-1: Foul Ball, location: 2F
0-2: Ball
1-2: Ball
2-2: SINGLE (Groundball, 56D)
Batting: RHB David Ortega 0-0: Ball
1-0: Swinging Strike
1-1: Foul Ball, location: 2F
1-2: Ball
2-2: Foul Ball, location: 2F
2-2: Ball
3-2: Strikes out swinging
Batting: RHB Keith Fish 0-0: Ball
1-0: Foul Ball, location: 2F
1-1: Foul Ball, location: 2F
1-2: Strikes out swinging
Top of the 6th over - 0 run(s), 1 hit(s), 0 error(s), 1 left on base; Niagara Falls 5 - York 2
BOTTOM OF THE 6TH
York Revolution batting - Pitching for Niagara Falls Expos : RHP Armando Galló
Batting: RHB Alfonso Enríquez 0-0: Called Strike
0-1: Ball
1-1: Ball
2-1: Ground out 1-5-3 (Groundball, 15S)
Batting: RHB Jim Unknown 0-0: Ground out 1-3 (Groundball, 13S)
Batting: RHB Dale O'Sullivan 0-0: Called Strike
0-1: Called Strike
0-2: Fly out, F3 (Line Drive, 3)
Bottom of the 6th over - 0 run(s), 0 hit(s), 0 error(s), 0 left on base; Niagara Falls 5 - York 2
TOP OF THE 7TH
Niagara Falls Expos batting - Pitching for York Revolution : RHP Jorge Cruz
Batting: RHB Fred Meyer 0-0: Ball
1-0: Ground out 5-3 (Groundball, 6S)
Batting: RHB Brent Ryan 0-0: Ball
1-0: Called Strike
1-1: Ball
2-1: Foul Ball, location: 2F
2-2: Fly out, F5 (Popup, 25)
Batting: RHB Mariano Ramírez 0-0: Called Strike
0-1: Ball
1-1: SOLO HOME RUN (Flyball, 78XD), Distance : 437 ft
Batting: RHB Chuck Wolf 0-0: Ball
1-0: Reached on error, E6 (Groundball, 6)
Pitching: RHP Chi-hun O
Batting: SHB Janghyun Sam 0-0: Ball
1-0: Swinging Strike
1-1: Fly out, F7 (Flyball, 7M)
Top of the 7th over - 1 run(s), 1 hit(s), 1 error(s), 1 left on base; Niagara Falls 6 - York 2
BOTTOM OF THE 7TH
York Revolution batting - Pitching for Niagara Falls Expos : RHP Armando Galló
Batting: RHB Gerry Bourke 0-0: Called Strike
0-1: Ball
1-1: Ball
2-1: Ground out 5-3 (Groundball, 5)
Batting: LHB Mike Cook 0-0: Fly out, F7 (Flyball, 78M)
Batting: RHB José Paz 0-0: Foul Ball, location: 2F
0-1: Swinging Strike
0-2: Ball
1-2: Fly out, F3 (Popup, 9LS)
Bottom of the 7th over - 0 run(s), 0 hit(s), 0 error(s), 0 left on base; Niagara Falls 6 - York 2
TOP OF THE 8TH
Niagara Falls Expos batting - Pitching for York Revolution : RHP Chi-hun O
Batting: LHB Rob Wilson 0-0: Ball
1-0: Called Strike
1-1: SINGLE (Line Drive, 4MD)
Batting: RHB Jack Sloan 0-0: Ball
1-0: Ball
2-0: Bunted foul
2-1: Sac Bunt - play at first, batter OUT! 2-4
Rob Wilson to second
Batting: RHB David Ortega 0-0: Called Strike
0-1: SINGLE (Groundball, 6M)
Rob Wilson to third
Runner from 3rd tries for Home, SAFE, no throw or cutoff
Batting: RHB Keith Fish 0-0: DOUBLE (Line Drive, 9LS)
David Ortega to third
Runner from 3rd tries for Home, SAFE, throw made at trailing runner, SAFE at third!
Batting: RHB Fred Meyer 0-0: Foul Ball, location: 2F
0-1: Ground out 6-3 (Groundball, 6)
Keith Fish scores
Batting: RHB Brent Ryan 0-0: Foul Ball, location: 2F
0-1: Ball
1-1: Swinging Strike
1-2: Ball
2-2: Ball
3-2: Foul Ball, location: 2F
3-2: Foul Ball, location: 2F
3-2: Base on Balls
Batting: RHB Mariano Ramírez 0-0: Called Strike
Brent Ryan is caught stealing 2nd base
Top of the 8th over - 3 run(s), 3 hit(s), 0 error(s), 0 left on base; Niagara Falls 9 - York 2
BOTTOM OF THE 8TH
York Revolution batting - Pitching for Niagara Falls Expos : RHP Armando Galló
Now at 1B: Javier Zumaya
Now at 3B: Tony Martínez
Now in RF: Carl Bryant
Batting: RHB Pedro Luna 0-0: Called Strike
0-1: Ball
1-1: Swinging Strike
1-2: Ground out 4-3 (Groundball, 4S)
Batting: RHB Juan Castanedo 0-0: Swinging Strike
0-1: Swinging Strike
0-2: Fly out, F3 (Popup, 13S)
Batting: RHB Sergio Ortíz 0-0: Ball
1-0: Ball
2-0: Called Strike
2-1: Ball
3-1: Base on Balls
Batting: RHB Alfonso Enríquez 0-0: Swinging Strike
0-1: Foul Ball, location: 2F
0-2: Ball
1-2: Ground out 6-3 (Groundball, 6)
Bottom of the 8th over - 0 run(s), 0 hit(s), 0 error(s), 1 left on base; Niagara Falls 9 - York 2
TOP OF THE 9TH
Niagara Falls Expos batting - Pitching for York Revolution : RHP Chi-hun O
Batting: SHB Javier Zumaya 0-0: Ball
1-0: Called Strike
1-1: Ground out 6-3 (Groundball, 6M)
Batting: RHB Chuck Wolf 0-0: Called Strike
0-1: Fly out, F9 (Flyball, 89M)
Batting: SHB Janghyun Sam 0-0: Ball
1-0: Fly out, F8 (Flyball, 8RM)
Top of the 9th over - 0 run(s), 0 hit(s), 0 error(s), 0 left on base; Niagara Falls 9 - York 2
BOTTOM OF THE 9TH
York Revolution batting - Pitching for Niagara Falls Expos : RHP Armando Galló
Batting: RHB Jim Unknown 0-0: Called Strike
0-1: Fly out, F9 (Line Drive, 9S)
Batting: RHB Dale O'Sullivan 0-0: Fly out, F9 (Flyball, 9LS)
Batting: RHB Gerry Bourke 0-0: Foul Ball, location: 2F
0-1: Ball
1-1: Hit by Pitch
Batting: LHB Mike Cook 0-0: Called Strike
0-1: Foul Ball, location: 2F
0-2: Ball
1-2: Foul Ball, location: 2F
1-2: Ball
2-2: Strikes out swinging
Bottom of the 9th over - 0 run(s), 0 hit(s), 0 error(s), 1 left on base; Niagara Falls 9 - York 2
This league is powered by Out of the Park Baseball, the baseball management simulation game for PC, Mac and Linux
Friday, October 23rd, 2015 - OOTP Baseball 16.9 Build 39